Unix NetHack Version 3.7.0-90 Work-in-progress - last build Dec 4 2023 15:25:40 (a4ad6ea61a8c493010e15c9251bbb19a34919cb7,branch:master). Game began 2023-12-10 10:16:11, ended 2023-12-10 10:33:12. elenmirie, neutral female human Priestess --- .G.| .h@| -+-- Elenmirie the Adept St:13 Dx:14 Co:10 In:12 Wi:18 Ch:9 Neutral Dlvl:8 $:0 HP:0(42) Pw:3(67) AC:6 Xp:6/495 T:3075 Burdened Latest messages: The gnome throws a dagger! The dagger hits Yermak. Suddenly, Yermak falls through a trap door. The gnome picks up a blessed dagger. You kill the gnome! The arrow hits the dwarf. The arrow misses the dwarf. You are almost hit by an arrow. The dwarf hits! You miss the dwarf. You hit the dwarf! The dwarf hits! The dwarf hits! In what direction? . You feel better. You kill the dwarf! The dwarf lord wields an uncursed pick-axe! You see here an uncursed arrow. The dwarf lord picks up an uncursed hooded cloak. In what direction? y That is a trap door. A trap door opens up under you! You hit the gnome lord! The gnome lord hits! You hit the gnome lord! The gnome lord hits! The dwarf wields an uncursed dagger! You miss the gnome lord. The gnome lord hits! In what direction? . You feel better. You hear a door open. The gnome lord hits! You don't have enough energy to cast that spell. The gnome lord hits! You hit the gnome lord. The gnome lord hits! The dwarf thrusts his dagger. The dwarf hits! The gnome lord hits! You don't have enough energy to cast that spell. The gnome lord hits! The dwarf thrusts his dagger. The dwarf hits! You die... Do you want your possessions identified? [ynq] (y) y Do you want to see your attributes? [ynq] (y) y Do you want an account of creatures vanquished? [ynaq] (y) y Do you want to see your conduct and achievements? [ynq] (y) y Do you want to see the dungeon overview? [ynq] (y) y Inventory: Weapons r - 23 uncursed +0 darts (at the ready) a - a blessed +1 mace (weapon in right hand) Armor C - an uncursed rustproof +0 orcish helm (being worn) s - a cursed +0 pair of gauntlets of dexterity c - an uncursed +0 small shield (being worn) I - an uncursed +0 mummy wrapping b - an uncursed +0 robe (being worn) Comestibles p - an uncursed carrot e - an uncursed clove of garlic x - 2 uncursed cram rations J - 2 uncursed food rations k - an uncursed fortune cookie f - an uncursed sprig of wolfsbane E - an uncursed tripe ration Scrolls K - an uncursed scroll of create monster Wands o - an uncursed wand of lightning (0:0) i - an uncursed wand of speed monster (0:1) Tools w - an uncursed sack containing 12 items H - an uncursed +0 pick-axe P - an uncursed stethoscope L - 2 uncursed partly used tallow candles (lit) Contents of the sack: 469 gold pieces an uncursed scroll of create monster a blessed scroll of food detection an uncursed scroll of genocide a blessed scroll of identify an uncursed scroll of teleportation an uncursed spellbook of haste self an uncursed spellbook of healing an uncursed spellbook of identify an uncursed potion of invisibility an uncursed potion of restore ability 4 potions of holy water Elenmirie the Priestess's attributes: Background: You were an Adept, a level 6 human Priestess. You were neutral, on a mission for The Lady who was opposed by Blind Io (lawful) and Offler (chaotic). You were right-handed. You were in the Gnomish Mines, on level 8. You entered the dungeon 3075 turns ago. You had 495 experience points, 145 more were needed to attain level 7. Basics: You had 0 out of 42 hit points. You had 3 out of 67 energy points (spell power). Your armor class was 6. Your wallet was empty, but you had 469 zorkmids stashed away in your pack. Autopickup was on for '$' plus thrown. Final Characteristics: Your strength was 13 (limit:18/100). Your dexterity was 14 (limit:18). Your constitution was 10 (limit:18). Your intelligence was 12 (limit:18). Your wisdom was 18 (limit:18). Your charisma was 9 (limit:18). Final Status: You weren't hungry. You were burdened; movement was slightly slowed. You were wielding a mace. You were skilled in mace. Final Attributes: You were piously aligned. You were guarded. You are dead. Miscellaneous: You never encountered a bones level. Total elapsed playing time was 17 minutes and 1 second. Major events: Turn 1: elenmirie the neutral human Priestess entered the dungeon 861: attained the rank of Acolyte (level 3) 1610: entered the Gnomish Mines 2464: attained the rank of Adept (level 6) 3065: reached Mine Town 3075: killed by a dwarf Vanquished creatures: an orc mummy 2 jaguars a snake a water nymph 4 Uruk-hai a yellow light 2 gnome leaders a gnomish wizard 3 giant ants a floating eye 4 dwarves 2 homunculi a kobold shaman a werejackal an iguana a yellow mold a green mold a red mold 18 gnomes 3 geckos 3 jackals a kobold a goblin 2 sewer rats 6 grid bugs 3 bats 3 lichens a kobold zombie 3 newts 73 creatures vanquished. No species were genocided or became extinct. Voluntary challenges: You read items or engraved 3 times. You never engraved Elbereth. You never genocided any monsters. You never polymorphed an object. You never changed form. You used no wishes. Achievements: You attained the rank of Acolyte. You entered the Gnomish Mines. You attained the rank of Adept. You entered Minetown. The Dungeons of Doom: levels 1 to 4 Level 1: A fountain. Level 2: A grave. Level 3: Level 4: An altar, many fountains. Stairs down to The Gnomish Mines. The Gnomish Mines: levels 5 to 8 Level 5: Level 6: Level 7: Level 8: <- You were here. Final resting place for you, killed by a dwarf. Game over: ---------- / \ / REST \ / IN \ / PEACE \ / \ | elenmirie | | 469 Au | | killed by a | | dwarf | | | | | | 2023 | *| * * * | * _________)/\\_//(\/(/\)/\//\/|_)_______ Goodbye elenmirie the Priestess... You died in The Gnomish Mines on dungeon level 8 with 2763 points, and 469 pieces of gold, after 3075 moves. You were level 6 with a maximum of 42 hit points when you died.